 Dungeon Crawl Stone Soup version 0.22-a0-469-gf26638a71f (webtiles) character file.

95 Faustar the Chopper (level 4, -4/39 HPs)
             Began as a Hill Orc Monk on June 12, 2018.
             Splashed by a jelly's acid (7 damage)
             ... on level 2 of the Dungeon.
             The game lasted 00:03:22 (1741 turns).

Faustar the Chopper (Hill Orc Monk)                 Turns: 1741, Time: 00:03:23

Health: -4/39      AC: -4    Str: 14    XL:     4   Next: 66%
Magic:  4/4        EV: 12    Int: 10    God:
Gold:   43         SH:  0    Dex: 13    Spells: 3/3 levels left

rFire    . . .     SeeInvis .   g - +3 hand axe
rCold    . . .     Gourm    .   (no shield)
rNeg     . . .     Faith    .   o - +0 leather armour
rPois    .         Spirit   .   d - +0 helmet
rElec    .         Reflect  .   (no cloak)
rCorr    .         Harm     .   (no gloves)
MR       .....                  (no boots)
Stlth    ++........             (no amulet)
HPRegen  0.13/turn              (no ring)
MPRegen  0.09/turn              (no ring)

@: corroded
A: no striking features
a: no special abilities


You were on level 2 of the Dungeon.
You were not hungry.

You visited 1 branch of the dungeon, and saw 2 of its levels.

You collected 43 gold pieces.

Inventory:

Hand Weapons
 a - a +0 hand axe
 g - a +3 hand axe (weapon)
Armour
 b - a +0 robe
 d - a +0 helmet (worn)
 k - a +0 shield
 o - a +0 leather armour (worn)
Scrolls
 e - a scroll of amnesia {unknown}
 l - a scroll of teleportation {unknown}
 m - a scroll of immolation {unknown}
Potions
 h - a potion of heal wounds
 i - 2 potions of lignification
 j - a potion of agility
Comestibles
 c - 6 rations
 n - 4 chunks of flesh


   Skills:
 - Level 3.6 Fighting
 + Level 7.0 Axes
 - Level 2.4 Dodging
 - Level 1.5 Stealth


You had 3 spell levels left.
You didn't know any spells.
Your spell library was empty.

Dungeon Overview and Level Annotations

Branches:
Dungeon (2/15)

Altars:

Annotations:
D:2 1 exclusion, Sigmund


Message History

You are too injured to fight recklessly!
You hit the jelly but do no damage.
Your hands burn!
* * * LOW HITPOINT WARNING * * *
The jelly is heavily wounded.
The jelly misses you.
You hit the jelly.
Your hands burn!
* * * LOW HITPOINT WARNING * * *
The jelly is almost dead.
The jelly barely misses you.
Press: ? - help, v - describe, . - travel
Here: a jelly (almost dead)
The floor.
Unknown command.
You hit the jelly but do no damage. The acid corrodes you!
Your hands burn!
* * * LOW HITPOINT WARNING * * *
The jelly is almost dead.
The jelly hits you.
* * * LOW HITPOINT WARNING * * *
You are splashed with acid!
The acid burns!
You die...

##########
#.÷......$
#..÷..P...
#...JJ....
#....JP...
#....÷.J.÷
#.J....J..
##J#######
##JJ@...##
########.#
#....'..##
#....####
#.......#
#.......#
#.......#
#.......#
##..())######


You could see a jelly and 2 oozes.

Vanquished Creatures
  Natasha (D:2)
  2 adders (D:1)
  An ooze (D:2)
  3 dart slugs
  A leopard gecko (D:1)
  4 bats
  7 goblins
  3 hobgoblins
  A quokka (D:1)
  4 ball pythons
  2 frilled lizards (D:1)
  12 kobolds
  3 rats (D:1)
44 creatures vanquished.

Vanquished Creatures (others)
  13 toadstools (D:2)
13 creatures vanquished.

Grand Total: 57 creatures vanquished

Notes
Turn   | Place    | Note
-------+----------+-------------------------------------------
     0 | D:1      | Faustar the Hill Orc Monk began the quest for the Orb.
     0 | D:1      | Reached XP level 1. HP: 19/19 MP: 1/1
    96 | D:1      | Reached XP level 2. HP: 24/26 MP: 2/2
   382 | D:1      | Reached skill level 5 in Axes
   820 | D:1      | Reached XP level 3. HP: 31/31 MP: 3/3
  1156 | D:2      | Noticed Sigmund
  1243 | D:1      | Reached skill level 6 in Axes
  1583 | D:2      | Reached XP level 4. HP: 39/39 MP: 4/4
  1622 | D:2      | Noticed Natasha
  1643 | D:2      | Killed Natasha
  1733 | D:2      | Reached skill level 7 in Axes
  1741 | D:2      | Splashed by a jelly's acid

Vault maps used:
D:1:      dpeg_arrival_central, minmay_misc_feat_rugged
D:2:      cheibrodos_fertilizer, first_ration, uniq_sigmund, uniq_natasha

Skill      XL: |  1  2  3  4 |
---------------+-------------+-----
Axes           | 5 6 7 |  7.0
Fighting       | |  3.6
Dodging        | |  2.4
Stealth        | |  1.5

Action                   |  1- 3 |  4- 6 || total
-------------------------+-------+-------++-------
Melee: Hand axe          |    89 |    32 ||   121
  Use: Scroll            |       |     3 ||     3
 Stab: Sleeping          |     1 |     1 ||     2
  Eat: Chunk             |     2 |     1 ||     3
Armor: Robe              |    20 |       ||    20
       Leather armour    |       |     9 ||     9
Dodge: Dodged            |    56 |    12 ||    68

Table legend:
 A = Spawn XP
 B = Non-spawn XP
 C = Spawn XP percentage of total XP
 D = Spawn monster count
 E = Non-spawn monster count
 F = Spawn count percentage of total count
 G = Total turns spent on level
                    A         B        C        D         E        F      G
               +---------+---------+-------+---------+---------+-------+---------
         Total |       0 |     137 |   0.0 |       0 |      44 |   0.0 |  1741
               +---------+---------+-------+---------+---------+-------+---------
           D:1 |       0 |      66 |   0.0 |       0 |      25 |   0.0 |  1347
           D:2 |       0 |      71 |   0.0 |       0 |      19 |   0.0 |   394
               +---------+---------+-------+---------+---------+-------+---------
